Map: Jagannatha LE

Players

MaxPax - Winner!

  • Race: Protoss Protoss

Serral

  • Race: Zerg Zerg

Event: DreamHack SC2 Masters 2021 Fall

VOD

Have the link to the VOD?

Description

Time

  • Played on: Aug. 10, 2021, 11:19 a.m.
  • Length: 8:27

All games in this series

Show
View Real Time Build Order
Export as new Build Order

MaxPax Protoss - Winner!

Build Orders: 1 Gate Expand, Oracle Opening, Zealot Archon 

Get SALT Encoding   

  12  0:00  Probe  
  13  0:12  Probe  
  14  0:20  Pylon  
  14  0:24  Probe  
  15  0:38  Probe (Chrono Boost)  
  15  0:39  Gateway  
  16  0:48  Assimilator  
  16  0:49  Probe (Chrono Boost)  
  17  0:53  Probe (Chrono Boost)  
  18  1:04  Probe  
  19  1:15  Pylon  
  19  1:16  Probe  
  20  1:28  Nexus  
  20  1:36  Cybernetics Core  
  20  1:40  Probe  
  21  1:48  Assimilator  
  21  1:52  Probe  
  22  1:55  Pylon  
  22  2:04  Probe (Chrono Boost)  
  23  2:13  Adept  
  25  2:20  Stargate  
  26  2:23  Probe (Chrono Boost)  
  26  2:27  Probe (Chrono Boost)  
  27  2:33  Warp Gate  
  27  2:40  Probe (Chrono Boost)  
  27  2:44  Probe (Chrono Boost)  
  29  2:45  Adept  
  29  2:49  Probe (Chrono Boost)  
  33  2:53  Probe (Chrono Boost)  
  33  2:54  Void Ray (Chrono Boost), Probe (Chrono Boost)  
  34  3:03  Probe  
  39  3:06  Probe  
  40  3:14  Pylon  
  40  3:15  Probe  
  40  3:17  Gateway  
  40  3:19  Probe  
  42  3:27  Oracle (Chrono Boost), Probe  
  42  3:32  Probe  
  47  3:39  Probe  
  48  3:44  Probe  
  49  3:51  Probe  
  49  3:53  Nexus  
  49  3:55  Pylon  
  50  3:57  Probe  
  51  4:03  Probe  
  51  4:09  Probe  
  53  4:13  Assimilator  
  53  4:15  Assimilator, Void Ray, Probe  
  54  4:18  Pylon  
  54  4:22  Probe  
  59  4:28  Probe  
  60  4:34  Pylon, Probe  
  60  4:35  Protoss Air Weapons Level 1  
  61  4:40  Probe  
  61  4:41  Stargate  
  61  4:43  Forge  
  62  4:46  Probe  
  62  4:52  Probe  
  64  4:53  Void Ray  
  64  4:55  Shield Battery  
  64  4:59  Probe (Chrono Boost)  
  69  5:04  Probe (Chrono Boost)  
  69  5:05  Probe (Chrono Boost)  
  71  5:11  Probe (Chrono Boost)  
  74  5:14  Probe x2 (Chrono Boost)  
  74  5:16  Probe (Chrono Boost)  
  74  5:18  Robotics Facility  
  74  5:19  Probe x2 (Chrono Boost)  
  77  5:23  Twilight Council  
  77  5:25  Probe  
  78  5:29  Protoss Ground Weapons Level 1 (Chrono Boost)  
  78  5:30  Probe  
  78  5:32  Void Ray, Probe  
  80  5:37  Assimilator  
  80  5:39  Assimilator  
  80  5:41  Pylon  
  84  5:43  Charge, Probe x2  
  84  5:45  Probe  
  84  5:49  Pylon  
  87  5:53  Gateway  
  87  5:54  Gateway  
  87  5:55  Probe x2  
  89  5:57  Gateway  
  89  6:06  Templar Archives  
  89  6:11  Gateway  
  89  6:13  Gateway, Probe x3  
  89  6:14  Immortal (Chrono Boost)  
  96  6:26  Sentry, Zealot  
  96  6:27  Gateway  
  96  6:31  Pylon  
  100  6:40  Pylon  
  92  6:52  Zealot x2  
  92  6:56  Probe x2  
  92  6:57  Probe  
  92  6:58  Warp Prism (Chrono Boost)  
  92  6:59  Pylon  
  92  7:07  High Templar  
  92  7:08  High Templar x3, Probe  
  102  7:11  Pylon  
  102  7:12  Archon x2  
  102  7:15  Photon Cannon  
  103  7:18  Gateway  
  103  7:19  Pylon  
  103  7:22  Pylon  
  103  7:25  High Templar x2  
  103  7:26  Zealot x2  
  103  7:29  Archon  
  111  7:31  Observer  
  111  7:33  Pylon  
  112  7:45  Gateway  
  112  7:48  Zealot x6  
  124  8:02  Zealot x2  
  107  8:09  Zealot x3  
  107  8:10  Zealot x3  
  111  8:15  Zealot  
Show
View Real Time Build Order
Export as new Build Order

Serral Zerg 

Build Orders: Hatch First 

Get SALT Encoding   

  12  0:00  Drone  
  13  0:12  Overlord  
  13  0:16  Drone  
  14  0:30  Drone x2  
  16  0:48  Hatchery  
  15  0:50  Drone  
  15  0:54  Drone  
  17  0:58  Drone  
  18  1:08  Extractor  
  17  1:12  Spawning Pool  
  17  1:16  Drone  
  17  1:20  Drone  
  18  1:28  Drone  
  19  1:38  Drone  
  20  1:49  Overlord  
  20  1:59  Queen  
  22  2:02  Queen  
  22  2:03  Zergling x4  
  26  2:10  Drone  
  26  2:11  Drone  
  26  2:13  Metabolic Boost  
  28  2:21  Drone x2  
  30  2:35  Hatchery  
  29  2:38  Drone  
  29  2:41  Drone  
  31  2:46  Queen  
  31  2:51  Overlord  
  33  2:53  Drone  
  33  2:56  Drone  
  33  2:58  Drone  
  36  3:03  Overlord  
  36  3:10  Drone  
  36  3:11  Drone x2  
  36  3:12  Drone x2  
  41  3:15  Drone  
  41  3:16  Drone  
  41  3:18  Drone  
  44  3:25  Queen  
  46  3:27  Overlord  
  46  3:32  Queen  
  48  3:35  Drone  
  48  3:37  Drone  
  48  3:39  Drone  
  51  3:42  Overlord  
  51  3:46  Overlord  
  51  3:48  Drone  
  51  3:49  Drone x2  
  51  3:52  Zergling x2  
  51  3:54  Drone  
  56  3:57  Spore Crawler, Drone  
  56  4:00  Spore Crawler  
  56  4:01  Drone  
  56  4:06  Zergling x2  
  56  4:07  Drone  
  56  4:08  Drone x2  
  60  4:11  Overlord  
  60  4:15  Queen  
  62  4:17  Zergling x2  
  62  4:18  Drone  
  62  4:22  Spore Crawler  
  63  4:35  Drone x7  
  63  4:36  Evolution Chamber  
  63  4:37  Zergling x2, Extractor, Baneling Nest, Drone  
  69  4:41  Overlord  
  69  4:43  Drone  
  69  4:45  Drone x2  
  72  4:47  Drone x2  
  74  4:53  Overlord  
  74  4:55  Zergling x2  
  74  4:56  Queen  
  74  4:58  Overlord  
  76  5:01  Drone x2  
  76  5:06  Zerg Melee Weapons Level 1  
  79  5:07  Drone  
  79  5:09  Drone  
  80  5:14  Drone  
  80  5:15  Drone, Hatchery  
  80  5:18  Lair  
  81  5:22  Drone  
  81  5:23  Extractor x3  
  81  5:25  Extractor, Drone x3  
  81  5:29  Drone x3  
  81  5:30  Drone  
  81  5:33  Drone x3  
  88  5:37  Queen  
  88  5:41  Queen  
  92  5:45  Overlord  
  92  5:46  Drone x2  
  94  5:50  Overlord  
  94  5:51  Zergling x8  
  94  5:56  Zergling x8  
  102  6:00  Overlord  
  102  6:02  Overlord  
  102  6:04  Overlord  
  102  6:05  Zergling x2  
  102  6:06  Zergling x6  
  105  6:15  Zergling x6  
  105  6:17  Baneling x9  
  108  6:20  Queen  
  108  6:22  Infestation Pit  
  108  6:24  Queen  
  111  6:26  Queen  
  111  6:31  Queen  
  115  6:34  Centrifical Hooks  
  115  6:36  Spore Crawler, Drone x2  
  115  6:40  Drone x3  
  115  6:42  Drone x2  
  114  6:49  Drone x7  
  114  6:51  Drone x2  
  114  6:53  Drone  
  114  6:54  Drone  
  119  6:55  Drone  
  119  6:56  Drone  
  119  7:00  Hive  
  117  7:10  Extractor, Spire  
  117  7:11  Extractor  
  114  7:16  Spire  
  114  7:18  Drone x2  
  114  7:19  Drone x3  
  114  7:20  Zergling x4  
  120  7:26  Hatchery  
  119  7:30  Zergling x12  
  119  7:33  Zergling x6  
  119  7:36  Zergling x6  
  131  7:41  Roach Warren  
  131  7:42  Baneling x2  
  131  7:44  Zergling x4, Spine Crawler  
  131  7:46  Baneling x7  
  131  7:47  Zergling x12  
  137  7:51  Baneling  
  137  7:53  Zergling x10  
  137  8:01  Zergling x2  
  137  8:02  Zergling x10  
  125  8:09  Zergling x6  

Tags
 
Add a new tag
Caveats
  • Supply blocks, unpowered buildings, or Contaminate may cause inaccurate times.
  • Supply counts are checked every 10 seconds.